 Dungeon Crawl Stone Soup version 0.21.1-1-g345015fe64 (webtiles) character file.

137567 RepoMan the Ninja (level 17, -10/159 HPs)
             Began as a Naga Assassin on May 28, 2018.
             Was the Champion of Dithmenos.
             Mangled by an emperor scorpion (11 damage)
             ... on level 2 of the Spider Nest on June 4, 2018.
             The game lasted 05:39:57 (38053 turns).

RepoMan the Ninja (Naga Assassin)                  Turns: 38053, Time: 05:40:00

Health: -10/159    AC: 11    Str: 14    XL:     17   Next: 24%
Magic:  19/24      EV: 22    Int: 20    God:    Dithmenos [******]
Gold:   943        SH:  5    Dex: 19    Spells: 8/26 levels left

rFire    . . .     SeeInvis +   a - +3 dagger (speed)
rCold    . . .     Gourm    .   (no shield)
rNeg     + . .     Faith    .   k - +2 robe {rN+}
rPois    +         Spirit   .   H - +2 hat {Int+3}
rElec    .         Reflect  +   G - scarf {repulsion}
rCorr    .         Harm     .   C - +0 pair of gloves {archery}
MR       ++...                  (no barding)
Stlth    ++++++++++             D - +5 amulet of reflection
HPRegen  0.36/turn              K - +3 ring of evasion
MPRegen  0.19/turn              x - +4 ring of evasion

@: brilliant, lethally poisoned (-10 -> -42), hasted, wreathed by umbra, repel
missiles, quick
A: large, see invisible, deformed body, poison resistance, slowness 2, slow
metabolism 1, spit poison 1, constrict 1, AC +5
a: Spit Poison, Shadow Step, Shadow Form, Renounce Religion


You were on level 2 of the Spider Nest.
You worshipped Dithmenos.
Dithmenos was exalted by your worship.
You were not hungry.

You visited 7 branches of the dungeon, and saw 30 of its levels.
You also visited: Labyrinth and Sewer.

You collected 2505 gold pieces.
You spent 1562 gold pieces at shops.

Inventory:

Hand Weapons
 a - a +3 dagger of speed (weapon)
 b - a +0 blowgun
 t - a +3 triple sword of draining
Missiles
 e - 146 poisoned needles
 j - 3 poisoned javelins (quivered)
 q - 10 curare-tipped needles
Armour
 k - a +2 robe of positive energy (worn)
 C - a +0 pair of gloves of archery (worn)
 G - a scarf of repulsion (worn)
 H - a +2 hat of intelligence (worn)
 S - a +2 buckler
Jewellery
 u - an uncursed ring of flight
 x - a +4 ring of evasion (right hand)
 D - a +5 amulet of reflection (around neck)
 K - a +3 ring of evasion (left hand)
Wands
 c - a wand of paralysis (3)
 r - a wand of acid (5)
 I - a wand of iceblast (16)
 L - a wand of digging (31)
 N - a wand of polymorph (8)
Scrolls
 d - 2 scrolls of teleportation
 i - 15 scrolls of identify
 s - 4 scrolls of magic mapping
 z - 2 scrolls of fog
 U - 5 scrolls of remove curse
Potions
 f - 3 potions of berserk rage
 h - a potion of mutation
 l - 3 potions of ambrosia
 n - 4 potions of cancellation
 A - 2 potions of magic
 M - 7 potions of brilliance
 Q - 4 potions of flight
Books
 m - a book of Geomancy

   Spells                             Type                      Level
   a - Sandblast                      Earth                        1
   b - Passwall                       Transmutation/Earth          2
   c - Stone Arrow                    Conjuration/Earth            3
   d - Petrify                        Transmutation/Earth          4
   e - Lee's Rapid Deconstruction     Earth                        5
 F - a book of Maledictions

   Spells                             Type                      Level
   a - Corona                         Hexes                        1
   b - Ensorcelled Hibernation        Hexes/Ice                    2
   c - Confuse                        Hexes                        3
   d - Tukima's Dance                 Hexes                        3
   e - Dazzling Spray                 Conjuration/Hexes            3
Miscellaneous
 R - a lightning rod (4/4)
Comestibles
 g - 49 rations


   Skills:
 + Level 11.8 Fighting
 * Level 14.2 Short Blades
 - Level 1.0(9.5) Long Blades
 - Level 1.7 Throwing
 - Level 7.2 Dodging
 O Level 27 Stealth
 - Level 1.1 Shields
 + Level 5.3 Spellcasting
 + Level 3.3 Conjurations
 + Level 3.5 Hexes
 - Level 4.3 Translocations
 - Level 1.2 Air Magic
 + Level 7.8 Poison Magic
 - Level 2.6 Evocations


You had 8 spell levels left.
You knew the following spells:

 Your Spells              Type           Power        Failure   Level  Hunger
b - Blink                 Tloc           N/A          1%          2    None
c - Confuse               Hex            ####....     1%          3    ##.....
d - Dazzling Spray        Conj/Hex       ####..       1%          3    ##.....
e - Ensorcelled Hibernat  Hex/Ice        ###...       1%          2    None
m - Mephitic Cloud        Conj/Pois/Air  ####....     1%          3    ##.....
v - Venom Bolt            Conj/Pois      #####.....   3%          5    #####..


Dungeon Overview and Level Annotations

Branches:
Dungeon (15/15)            Temple (1/1) D:5            Lair (6/6) D:8
  Swamp (3/4) Lair:4       Spider (2/4) Lair:4        Slime (0/5) Lair:5
    Orc (2/2) D:11            Elf (1/3) Orc:2        Vaults (0/5) D:13
 Depths (0/5) D:15

Altars:
Ashenzari
Cheibriados
Dithmenos
Elyvilon
Fedhas
Gozag
Hepliaklqana
Kikubaaqudgha
Makhleb
Nemelex Xobeh
Okawaru
Qazlal
Ru
Sif Muna
Trog
Uskayaw
Vehumet
Wu Jian
Xom
Yredelemnul
Zin
The Shining One
Beogh

Shops:
D:4 *   D:14 (   D:15 *   Orc:1 [   Orc:2 (}(=   Elf:1 :

Portals:
Trove: D:10 (give +3 storm dragon scales)

Annotations:
Lair:6 Gargoyl's ghost, journeyman CeAK


Innate Abilities, Weirdness & Mutations

You cannot wear boots.
Your serpentine skin is tough. (AC +5)
You have supernaturally acute eyesight. (SInv)
Armour fits poorly on your strangely shaped body.
Your system is resistant to poisons. (rPois)
You cover ground very slowly.
You have a slow metabolism.
You can spit poison.
You can use your snake-like lower body to constrict enemies.


Message History

You barely miss the demonic crawler.
The jumping spider leaps!
Unknown command.
You closely miss the redback.
Your shadow hits the redback with a dagger.
The wolf spider closely misses you. x2
Unknown command.
You're too confused to move!
You feel less confused. The redback closely misses you.
The demonic crawler closely misses you.
The demonic crawler hits you but does no damage.
You block the demonic crawler's attack. The demonic crawler hits you.
* * * LOW HITPOINT WARNING * * *
The demonic crawler hits you!
* * * LOW HITPOINT WARNING * * *
You block the demonic crawler's attack.
The jumping spider leaps!
The emperor scorpion stings you.
* * * LOW HITPOINT WARNING * * *
You are lethally poisoned!
The emperor scorpion poisons you! The emperor scorpion claws you!
You die...

. .# s..........##.†#..... #.
.> .#...#.#....#...#....#..
... . #..s...............†..#.
....#. ^#...s#^#..#.#..#.###}.
.##...##...#.§.$....#....# ##.
...........#s.#.#....#....##..
#.........#.ss#s....§.#..?#..#
..#..#.....s#ssss.#...#.....#.
...........ss@ss#.......#...#.
.#...#...#.s##s...#....#......
#..s##...#.....##..#...#...#.#
..#....#..#........#.....[...#
. s..s.....<...†.#.$..#.#..#..
.s##....#...#...^..##.#......
...##(^..#..#.#......##...
........#.....^...$.......#
..........................


You could see an emperor scorpion, 2 demonic crawlers, 2 wolf spiders, 2 jumping
spiders, 5 tarantellas and 4 redbacks.

Vanquished Creatures
  Gastronok (Lair:1)
  A thorn hunter (Swamp:2)
  An emperor scorpion (Spider:1)
  3 entropy weavers
  A very ugly thing (Swamp:1)
  A spark wasp (shapeshifter) (D:15)
  A deep elf annihilator (Elf:1)
  Snorg (D:10)
  A minotaur (Lab)
  The ghost of Yrqin the Severer, a journeyman MiBe of Trog (Orc:1)
  2 ogre magi
  2 vault guards
  Harold (D:10)
  Erolcha (D:11)
  7 hydras
  A catoblepas (Lair:4)
  8 two-headed ogres
  4 alligators
  7 centaur warriors
  Sonja (Lair:3)
  2 dancing weapons (Elf:1)
  7 deep elf knights
  Urug (Orc:1)
  4 spriggans
  An unseen horror (D:12)
  6 swamp dragons
  A shambling mangrove (Swamp:2)
  7 deep elf archers
  A harpy (Lair:3)
  Pikel (D:5)
  12 orc knights
  A wizard (D:13)
  5 ugly things (D:14)
  9 wolf spiders
  5 orb spiders
  16 deep elf magi
  3 orc sorcerers
  4 cyclopes
  A moth of wrath (Spider:1)
  A manticore (D:14)
  2 centaur zombies
  8 elephants
  2 gargoyles (D:14)
  A torpor snail (Lair:3)
  2 black mambas
  3 orange demons (D:12)
  12 spiny frogs
  6 rime drakes
  6 komodo dragons
  8 demonic crawlers
  2 red devils (D:12)
  2 queen bees
  5 trolls
  17 jumping spiders
  3 meliai (D:15)
  A queen bee (shapeshifter) (Elf:1)
  A polar bear (Lair:4)
  10 tyrant leeches
  9 slime creatures
  8 hornets
  29 blink frogs
  2 bog bodies (Swamp:1)
  8 hippogriffs
  40 yaks
  4 shadows
  An air elemental (Elf:1)
  9 tarantellas
  A vampire (D:14)
  30 redbacks
  4 wyverns
  2 wraiths
  4 water elementals
  3 hungry ghosts
  4 basilisks
  17 vampire mosquitoes
  Grum (D:8)
  2 steam dragons
  9 insubstantial wisps
  10 wargs
  12 swamp worms
  10 water moccasins
  5 porcupines
  3 swamp drakes
  36 orc warriors
  2 sky beasts
  A black bear (D:12)
  3 phantoms
  An eye of draining (D:11)
  3 ice beasts
  A necrophage (D:8)
  19 wolves
  9 ogres
  15 crocodiles
  5 centaurs
  8 big kobolds
  12 bullfrogs
  An earth elemental (Elf:1)
  A gnoll sergeant (D:7)
  A wyvern zombie (D:12)
  2 scorpions
  A hornet simulacrum (D:15)
  42 killer bees
  2 electric eels
  A howler monkey (D:7)
  6 wights
  10 crimson imps
  A bullfrog zombie (D:9)
  2 hounds
  7 jellies
  13 orc priests
  3 bullfrog skeletons
  20 orc wizards
  3 centaur skeletons
  3 iguanas
  11 worker ants
  Natasha (thrice) (D:4)
  2 hound skeletons
  A worker ant zombie (D:7)
  4 gnolls (D:7)
  12 adders
  3 river rats (Sewer)
  5 shadow imps
  3 oozes
  2 adder zombies
  An adder skeleton (D:6)
  2 dart slugs
  8 worms
  2 leopard geckos
  121 orcs
  A ball python (Sewer)
  A giant cockroach (D:3)
  6 goblins
  12 hobgoblins
  3 jackals (D:10)
  6 quokkas
  5 bats
  3 frilled lizards
  A jackal skeleton (D:7)
  A jackal zombie (D:7)
  30 kobolds
  A leopard gecko skeleton (D:5)
  2 leopard gecko zombies
  A quokka zombie (D:6)
  8 rats
  2 briar patches (Swamp:2)
949 creatures vanquished.

Vanquished Creatures (collateral kills)
  A jumping spider (Spider:1)
  6 killer bees (Lair:3)
7 creatures vanquished.

Vanquished Creatures (others)
  2 deep elf magi (Elf:1)
  A swamp worm (Swamp:2)
  A swamp drake (Swamp:2)
  A slave (D:5)
  3 killer bees
  2 orc wizards (D:5)
  2 orcs (D:5)
  A kobold (D:12)
  2 briar patches (Swamp:2)
  8 fungi
  A plant (Lair:3)
24 creatures vanquished.

Grand Total: 980 creatures vanquished

Notes
Turn   | Place    | Note
-------+----------+-------------------------------------------
     0 | D:1      | RepoMan the Naga Assassin began the quest for the Orb.
     0 | D:1      | Reached XP level 1. HP: 19/19 MP: 1/1
    45 | D:1      | Reached skill level 6 in Stealth
    96 | D:1      | You fall through a shaft!
   138 | D:2      | Reached XP level 2. HP: 22/26 MP: 2/2
   403 | D:1      | Reached XP level 3. HP: 32/32 MP: 3/3
   454 | D:1      | Reached skill level 7 in Stealth
  1498 | D:3      | Found a blossoming altar of Fedhas.
  1557 | D:3      | Reached XP level 4. HP: 34/39 MP: 4/4
  1736 | D:3      | Found a bloodstained altar of Trog.
  2089 | D:4      | Reached skill level 8 in Stealth
  2099 | D:4      | Found a burning altar of Makhleb.
  2241 | D:4      | Reached XP level 5. HP: 40/45 MP: 5/5
  2409 | D:4      | Reached skill level 9 in Stealth
  2409 | D:4      | Reached XP level 6. HP: 30/55 MP: 6/6
  2678 | D:4      | Found Wamel's General Store.
  2686 | D:4      | Bought a scroll of immolation for 38 gold pieces
  2686 | D:4      | Bought a scroll of enchant weapon for 82 gold pieces
  2686 | D:4      | Bought a scroll of identify for 22 gold pieces
  2686 | D:4      | Bought a scroll of fog for 22 gold pieces
  2794 | D:4      | Noticed Natasha
  2800 | D:4      | Killed Natasha
  2830 | D:4      | Noticed Natasha
  2842 | D:4      | Killed Natasha
  3011 | D:4      | Noticed Natasha
  3022 | D:4      | Killed Natasha
  3052 | D:5      | Entered Level 5 of the Dungeon
  3108 | D:5      | Found a glowing drain.
  3120 | Sewer    | Entered a sewer
  3247 | Sewer    | Reached skill level 10 in Stealth
  3247 | Sewer    | Reached XP level 7. HP: 62/62 MP: 7/7
  4123 | D:5      | Found a staircase to the Ecumenical Temple.
  4137 | Temple   | Entered the Ecumenical Temple
  4225 | Temple   | Became a worshipper of Dithmenos the Shadowed
  4316 | D:5      | Reached skill level 5 in Short Blades
  4316 | D:5      | Reached skill level 11 in Stealth
  4476 | D:5      | Reached XP level 8. HP: 71/73 MP: 8/8
  5182 | D:5      | Noticed Pikel
  5195 | D:5      | Killed Pikel
  5195 | D:5      | Reached skill level 5 in Fighting
  5195 | D:5      | Reached skill level 12 in Stealth
  5268 | D:5      | Learned a level 2 spell: Blink
  5272 | D:5      | Learned a level 3 spell: Mephitic Cloud
  5382 | D:5      | Reached * piety under Dithmenos
  5829 | D:6      | Reached XP level 9. HP: 82/82 MP: 9/9
  6301 | D:6      | Reached skill level 1 in Poison Magic
  6304 | D:6      | Reached skill level 1 in Translocations
  6725 | D:7      | Reached skill level 1 in Spellcasting
  7214 | D:7      | Reached ** piety under Dithmenos
  7664 | D:7      | Reached skill level 13 in Stealth
  8074 | D:8      | Noticed a two-headed ogre
  8144 | D:8      | Noticed Grum
  8539 | D:9      | Reached XP level 10. HP: 92/92 MP: 13/13
  8618 | D:9      | Noticed a deep elf mage
  8633 | D:9      | Killed a deep elf mage
  8948 | D:9      | Found a snail-covered altar of Cheibriados.
  9171 | D:9      | Reached skill level 14 in Stealth
  9172 | D:9      | Found a basalt altar of Yredelemnul.
  9588 | D:8      | Reached *** piety under Dithmenos
  9715 | D:8      | Killed a two-headed ogre
  9715 | D:8      | Reached skill level 1 in Conjurations
  9715 | D:8      | Reached skill level 1 in Air Magic
  9968 | D:8      | Killed Grum
 10011 | D:8      | Reached skill level 5 in Poison Magic
 10303 | D:8      | Found a staircase to the Lair.
 10661 | Lair:1   | Entered Level 1 of the Lair of Beasts
 10661 | Lair:1   | Noticed Gastronok
 10686 | Lair:1   | Killed Gastronok
 10686 | Lair:1   | Reached skill level 15 in Stealth
 10686 | Lair:1   | Reached XP level 11. HP: 37/100 MP: 10/16
 11084 | Lair:1   | Noticed a seven-headed hydra
 11091 | Lair:1   | Killed a seven-headed hydra
 11091 | Lair:1   | Reached skill level 1 in Dodging
 11896 | Lair:2   | Reached skill level 1 in Evocations
 12145 | Lair:2   | Reached skill level 10 in Short Blades
 12145 | Lair:2   | Reached skill level 16 in Stealth
 12945 | Lair:3   | Reached XP level 12. HP: 41/110 MP: 16/18
 13279 | Lair:3   | Reached **** piety under Dithmenos
 13801 | Lair:3   | Noticed Sonja
 13805 | Lair:3   | Killed Sonja
 13829 | Lair:3   | Reached skill level 17 in Stealth
 14195 | Lair:3   | Noticed a seven-headed hydra
 14375 | D:10     | Entered Level 10 of the Dungeon
 14375 | D:10     | Noticed Snorg
 14390 | D:10     | Killed Snorg
 14392 | D:10     | Noticed a vault guard
 14397 | D:10     | Killed a vault guard
 14403 | D:10     | Noticed a two-headed ogre
 14417 | D:10     | Killed a two-headed ogre
 14542 | D:10     | You fall through a shaft for 2 floors!
 14580 | D:12     | Found a labyrinth entrance.
 14580 | D:12     | Noticed a centaur warrior
 14588 | D:12     | Killed a centaur warrior
 14643 | D:12     | Gained mutation: You can use your snake-like lower body to constrict enemies. [Naga growth]
 14643 | D:12     | Reached XP level 13. HP: 55/121 MP: 2/19
 14746 | Lab      | Entered a labyrinth
 15076 | Lab      | Noticed a minotaur
 15086 | Lab      | Killed a minotaur
 15086 | Lab      | Reached skill level 18 in Stealth
 15088 | Lab      | Found the +7 longbow "Piercer" {penet, EV-2}
 15089 | Lab      | Got a brightly glowing hand crossbow
 15145 | Lab      | Identified the cursed +3 hand crossbow of Dacaw {venom, +Blink rElec Dex+2} (You found it in a labyrinth)
 15355 | D:11     | Reached ***** piety under Dithmenos
 15546 | D:11     | Found a staircase to the Orcish Mines.
 15705 | D:11     | Noticed Erolcha
 15718 | D:11     | Killed Erolcha
 16372 | D:10     | Found a portal to a secret trove of treasure.
 16441 | D:10     | Noticed Harold
 16445 | D:10     | Killed Harold
 17383 | Lair:4   | Reached skill level 5 in Dodging
 17403 | Lair:4   | Found a hole to the Spider Nest.
 17680 | Lair:4   | Reached skill level 19 in Stealth
 18001 | Lair:4   | Found a staircase to the Swamp.
 18032 | Lair:4   | Reached ****** piety under Dithmenos
 18239 | Lair:4   | Reached skill level 10 in Fighting
 18505 | Lair:4   | Reached XP level 14. HP: 119/132 MP: 18/20
 18868 | Lair:5   | Found a staircase to the Slime Pits.
 19090 | Lair:5   | Reached skill level 20 in Stealth
 20061 | Lair:6   | Entered Level 6 of the Lair of Beasts
 20079 | Lair:6   | Noticed Gargoyl's ghost (journeyman CeAK)
 20346 | Orc:1    | Entered Level 1 of the Orcish Mines
 20394 | Orc:1    | Noticed Yrqin's ghost (journeyman MiBe)
 20434 | Orc:1    | Killed Yrqin's ghost
 20767 | Orc:1    | Found Kymempie's Armour Boutique.
 20941 | Orc:1    | Noticed Urug
 20953 | Orc:1    | Killed Urug
 21012 | Orc:1    | Found a roughly hewn altar of Beogh.
 21214 | Orc:2    | Entered Level 2 of the Orcish Mines
 21217 | Orc:2    | Found a staircase to the Elven Halls.
 22576 | Orc:2    | Found Irumpeov's Weapon Boutique.
 22576 | Orc:2    | Found Taibb's Jewellery Emporium.
 22613 | Orc:2    | Reached skill level 21 in Stealth
 22661 | Orc:2    | Found a roughly hewn altar of Beogh.
 22697 | Orc:2    | Found Xubeus's Weapon Boutique.
 22697 | Orc:2    | Found Taezuq's Gadget Emporium.
 22783 | Orc:2    | Bought a +5 amulet of reflection for 741 gold pieces
 24652 | D:13     | Reached XP level 15. HP: 141/141 MP: 16/21
 24994 | D:13     | Found a shadowy altar of Dithmenos.
 25394 | D:13     | Reached skill level 22 in Stealth
 25416 | D:13     | Found a gate to the Vaults.
 25905 | D:14     | Reached skill level 23 in Stealth
 26040 | D:14     | Found Houd's Weapon Boutique.
 26821 | D:15     | Entered Level 15 of the Dungeon
 27174 | D:15     | Found a staircase to the Depths.
 27659 | D:15     | Reached skill level 24 in Stealth
 27727 | D:15     | Found Heuh's Assorted Antiques.
 27735 | D:15     | Bought a shadowed robe for 153 gold pieces
 27735 | D:15     | Bought a scroll of identify for 54 gold pieces
 27735 | D:15     | Identified the +1 robe "Gafytuen" {rPois Regen+} (You bought it in a shop on level 15 of the Dungeon)
 28108 | Lair:2   | Learned a level 5 spell: Venom Bolt
 28225 | Swamp:1  | Entered Level 1 of the Swamp
 29859 | Swamp:1  | Reached skill level 25 in Stealth
 29859 | Swamp:1  | Reached XP level 16. HP: 141/150 MP: 22/22
 31234 | Swamp:2  | Noticed a thorn hunter
 31521 | Elf:1    | Entered Level 1 of the Elven Halls
 31525 | Elf:1    | Found Hocheerch's Book Shop.
 31700 | Elf:1    | Reached skill level 26 in Stealth
 32558 | Elf:1    | Bought a book of Maledictions for 450 gold pieces
 32978 | Elf:1    | Learned a level 2 spell: Ensorcelled Hibernation
 32982 | Elf:1    | Learned a level 3 spell: Dazzling Spray
 33564 | Lair:2   | Learned a level 3 spell: Confuse
 33806 | Swamp:2  | Killed a thorn hunter
 33806 | Swamp:2  | Reached skill level 27 in Stealth
 34011 | Swamp:2  | Reached skill level 1 in Shields
 34613 | Swamp:3  | Reached skill level 1 in Hexes
 34678 | Swamp:3  | Noticed a thorn hunter
 35467 | Spider:1 | Entered Level 1 of the Spider Nest
 36793 | Spider:1 | Reached XP level 17. HP: 158/158 MP: 24/24
 36819 | Spider:1 | Reached skill level 1 in Long Blades
 37061 | Spider:1 | Reached skill level 5 in Spellcasting
 38053 | Spider:2 | HP: 5/159 [demonic crawler (8)]
 38053 | Spider:2 | HP: 1/159 [emperor scorpion (4)]
 38053 | Spider:2 | Mangled by an emperor scorpion

Skill      XL: |  1  2  3  4  5  6  7  8  9 10 11 12 13 14 15 16 17 |
---------------+----------------------------------------------------+-----
Stealth        | 6 7 8 9 10 11 12 13 15 16 17 19 21 25 27 | 27.0
Short Blades   | 3 4 5 6 7 9 10 11 12 13 14 | 14.2
Fighting       | 3 4 5 6 7 8 9 10 11 | 11.8
Poison Magic   | 3 5 7 |  7.8
Translocations | 2 4 |  4.3
Spellcasting   | 2 3 4 5 |  5.3
Conjurations   | 1 2 3 |  3.3
Air Magic      | 1 |  1.2
Dodging        | 2 4 5 7 |  7.2
Evocations     | 2 |  2.6
Shields        | 1 |  1.1
Hexes          | 2 3 |  3.5
Long Blades    | 1 |  1.0
Throwing       | |  1.7

Action                   |  1- 3 |  4- 6 |  7- 9 | 10-12 | 13-15 | 16-18 || total
-------------------------+-------+-------+-------+-------+-------+-------++-------
Melee: Dagger            |    58 |   112 |   494 |   614 |  1094 |   147 ||  2519
       Rapier            |       |       |    37 |       |       |       ||    37
       Triple sword      |       |       |       |     1 |   340 |   284 ||   625
       Constrict         |       |       |       |       |   262 |    86 ||   348
 Fire: Blowgun           |       |     9 |    26 |    22 |       |       ||    57
Throw: Stone             |       |     1 |    17 |       |       |       ||    18
       Javelin           |       |       |       |     4 |     2 |       ||     6
       Throwing net      |       |       |       |       |     2 |     2 ||     4
 Cast: Blink             |       |       |     1 |     1 |     2 |     8 ||    12
       Mephitic Cloud    |       |       |       |    35 |    83 |    42 ||   160
       Dazzling Spray    |       |       |       |       |       |     5 ||     5
Invok: Shadow Step       |       |       |       |     6 |     1 |     5 ||    12
 Abil: Spit Poison       |    14 |    10 |    19 |    25 |    34 |     9 ||   111
       Evoke Flight      |       |       |       |       |     1 |       ||     1
Evoke: Wand              |       |       |    17 |     5 |    31 |    10 ||    63
       Lightning rod     |       |       |       |     6 |     7 |       ||    13
       Fan of gales      |       |       |       |       |     1 |       ||     1
  Use: Scroll            |       |    11 |    11 |     9 |    15 |    19 ||    65
       Potion            |       |     2 |     2 |     3 |     3 |    13 ||    23
 Stab: Sleeping          |     8 |     7 |    31 |    31 |    69 |    34 ||   180
       Distracted        |     2 |       |       |     7 |    15 |    13 ||    37
       Paralysed         |       |       |     8 |       |     1 |     3 ||    12
       Confused          |       |       |       |    46 |    83 |    36 ||   165
       Invisible         |       |       |       |     6 |       |     2 ||     8
       Held in net/web   |       |       |       |       |     3 |     2 ||     5
  Eat: Chunk             |     2 |     2 |    13 |     8 |    21 |     2 ||    48
       Ration            |       |     1 |     1 |     4 |    10 |     7 ||    23
Armor: Robe              |    19 |    16 |    73 |    67 |   159 |    92 ||   426
Dodge: Dodged            |    31 |    47 |   278 |   371 |   925 |   706 ||  2358
       Deflected         |       |       |       |       |     2 |    13 ||    15
Block: Other             |       |       |       |       |   103 |   140 ||   243
       Reflection        |       |       |       |       |     4 |     8 ||    12
       Buckler           |       |       |       |       |       |     5 ||     5
       Rpst.: Triple sword |       |       |       |       |   121 |   101 ||   222
